AoeStats
← Juyhou

Nomad

509901886Analyzed
4v4 RM · 4d ago on Sep 28, 2026· 38m 26s· 8 players
Game mode
Random Map
Map size
231×231
Population
200
Speed
Normal
Resources
Standard
Victory
Conquest
Starting age
Dark Age
Ending age
Imperial Age
RankedLock teamsTeams togetherTeam positionsShared explorationLock speedFull tech treeHidden civsTurbo modeCheats
Victory
Defeat
🇫🇮 Danes · Finland
2125
+3
🇫🇮 Saxons · Finland
2034
+4
🇫🇮 Varangians · Finland
1936
+6
🇫🇮 Byzantines · Finland
1702
+14
🇻🇳 Koreans · Vietnam
1748
-8
🇻🇳 Dravidians · Vietnam
1745
-8
🇨🇳 Spanish · China
1692
-7
🇭🇰 Japanese · Hong Kong SAR China
1616
-4
Juyhou
4:53 Loom
11:29 Feudal Age
12:00 Double-Bit Axe
12:03 Fishing Lines
15:34 Town Watch
18:42 Castle Age
17:02 Gold Mining
17:25 Fletching
19:33 Bodkin Arrow
20:30 Bow Saw
20:18 Gillnets
23:57 Clinker Construction
24:31 Wheelbarrow
25:21 Medium Warships
24:53 Horse Collar
29:02 Stone Mining
31:49 Imperial Age
31:56 Imperial Age
29:43 Hand Cart
29:32 Heavy Plow
29:34 Scale Mail Armor
30:40 Chain Mail Armor
30:36 Forging
31:31 Squires
31:16 Arson
32:07 Elite Varangian Guard
33:19 Plate Mail Armor
33:12 Conscription
34:10 Iron Casting
33:18 Gothikon
34:06 Gambesons
35:31 Capped Ram
37:48 Blast Furnace
Shyles
9:25 Loom
16:23 Feudal Age
17:18 Double-Bit Axe
17:31 Fishing Lines
20:16 Castle Age
18:30 Fletching
21:21 Bodkin Arrow
24:17 Imperial Age
22:29 Padded Archer Armor
22:45 Elite Skirmisher
23:54 Leather Archer Armor
26:01 Chemistry
25:33 Bracer
26:32 Gold Mining
27:07 Gillnets
28:43 Horse Collar
31:50 Bow Saw
32:51 Wheelbarrow
32:51 Ballistics
Villese
12:54 Feudal Age
12:47 Loom
13:24 Double-Bit Axe
14:05 Loom
17:50 Castle Age
15:52 Fishing Lines
17:34 Town Watch
18:48 Bow Saw
18:32 Gillnets
19:42 Wheelbarrow
22:12 Horse Collar
25:49 Fletching
33:39 Gold Mining
33:55 Bodkin Arrow
35:45 Heavy Plow
39:46 Imperial Age
38:02 Hand Cart
38:22 Medium Warships
TheMax
4:43 Loom
13:13 Feudal Age
13:40 Double-Bit Axe
17:50 Castle Age
18:43 Town Watch
19:09 Bow Saw
20:13 Scale Mail Armor
21:37 Medium Warships
25:29 Arson
25:44 Squires
27:04 Chain Mail Armor
29:03 Wheelbarrow
29:28 Arson
30:09 Forging
30:20 Hand Cart
29:52 Horse Collar
32:16 Iron Casting
36:16 Imperial Age
33:53 Heavy Plow
35:41 Fletching
37:33 Plate Mail Armor
37:25 Conscription
36:26 Shield Wall
mbxmm
10:12 Loom
12:54 Feudal Age
12:57 Man-at-Arms
13:40 Town Watch
14:40 Double-Bit Axe
17:32 Fletching
22:19 Castle Age
20:49 Horse Collar
23:36 Bow Saw
23:12 Fishing Lines
25:40 Heavy Plow
25:48 Stone Mining
25:49 Gold Mining
26:46 Wheelbarrow
28:32 Gillnets
30:22 Hand Cart
31:23 Gold Shaft Mining
35:52 Imperial Age
33:09 Treadmill Crane
33:20 Guard Tower
34:04 Ballistics
34:17 Bodkin Arrow
34:25 Yasama
34:48 Scale Mail Armor
34:58 Forging
35:23 Squires
35:08 Gambesons
35:09 Arson
35:55 Chain Mail Armor
37:07 Iron Casting
37:00 Conscription
36:09 Elite Samurai
37:58 Plate Mail Armor
北冥有鲲
11:08 Loom
13:42 Feudal Age
14:38 Town Watch
17:46 Castle Age
16:07 Double-Bit Axe
16:13 Gold Mining
16:23 Fishing Lines
17:01 Stone Mining
18:54 Bow Saw
19:23 Wheelbarrow
19:03 Medium Warships
24:31 Horse Collar
27:06 Heavy Plow
27:53 Padded Archer Armor
28:36 Hand Cart
33:58 Imperial Age
31:32 Gillnets
32:36 Leather Archer Armor
33:41 Scale Barding Armor
34:06 Cavalier
35:14 Chain Barding Armor
35:05 Forging
36:06 Bloodlines
35:56 Husbandry
37:12 Plate Barding Armor
38:12 Iron Casting
37:59 Conscription
chuoi
13:09 Feudal Age
13:40 Loom
14:30 Town Watch
17:04 Castle Age
15:38 Double-Bit Axe
16:44 Fletching
23:36 Bodkin Arrow
28:49 Horse Collar
31:24 Eupseong
34:33 Bow Saw
VNS_Alibaba_
4:47 Loom
12:44 Feudal Age
16:45 Castle Age
15:39 Double-Bit Axe
16:10 Fishing Lines
16:54 Forging
18:28 Bow Saw
19:07 Gold Mining
20:23 Medium Warships
20:47 Clinker Construction
22:14 Careening
30:31 Wheelbarrow
29:42 Town Watch
29:51 Horse Collar
31:39 Heavy Plow
33:34 Scale Mail Armor
34:37 Iron Casting
Connection lost

Rejoining the realm…

Still unreachable

The connection could not be restored.

Session expired

The server has moved on; the page needs a fresh start.